 Dungeon Crawl Stone Soup version 0.26-a0-538-ge4b5d95 (webtiles) character file.

Game seed: 4862777441207602393

1 MrTaco21 the Cudgeler (level 1, 0/16 HPs)
             Began as a Demonspawn Gladiator on Aug 14, 2020.
             Slain by a kobold
             ... wielding a +0 club
              (3 damage)
             ... on level 1 of the Dungeon.
             The game lasted 00:00:26 (52 turns).

MrTaco21 the Cudgeler (Demonspawn Gladiator)          Turns: 52, Time: 00:00:26

Health: 0/16       AC:  4    Str: 14    XL:     1   Next: 16%
Magic:  1/1        EV: 12    Int:  9    God:
Gold:   0          SH:  0    Dex: 14    Spells: 0/0 levels left

rFire    . . .     SeeInvis .   a - +0 flail
rCold    . . .     Faith    .   (no shield)
rNeg     . . .     Spirit   .   b - +0 leather armour
rPois    .         Reflect  .   c - +0 helmet
rElec    .         Harm     .   (no cloak)
rCorr    .                      (no gloves)
MR       .....                  (no boots)
Stlth    +.........             (no amulet)
HPRegen  0.05/turn              (no ring)
MPRegen  0.07/turn              (no ring)

@: no status effects
A: no striking features
a: no special abilities


You were on level 1 of the Dungeon.
You visited 1 branch of the dungeon, and saw 1 of its levels.

Inventory:

Hand Weapons
 a - a +0 flail (weapon)
Missiles
 d - 3 throwing nets (quivered) {!f}
Armour
 b - a +0 leather armour (worn)
 c - a +0 helmet (worn)


   Skills:
 - Level 2.0 Fighting
 + Level 2.7 Maces & Flails
 - Level 1.7 Throwing
 - Level 2.6 Dodging
 * Level 0.2 Spellcasting


You couldn't memorise any spells.
You didn't know any spells.
Your spell library was empty.

Dungeon Overview and Level Annotations

Branches:
Dungeon (1/15)

Altars:


Message History

You hit the giant cockroach. The giant cockroach closely misses you.
You hit the giant cockroach.
You kill the giant cockroach!
You see here a giant cockroach corpse.
A hobgoblin comes into view.
The hobgoblin shouts!
The hobgoblin moves out of view.
A kobold comes into view. It is wielding a +0 club.
The kobold shouts!
The kobold closely misses you. The kobold hits you but does no damage.
The hobgoblin closely misses you. The kobold hits you but does no damage.
The hobgoblin barely misses you. The kobold closely misses you.
The hobgoblin misses you. The kobold closely misses you.
The hobgoblin barely misses you. The kobold hits you but does no damage.
The hobgoblin hits you but does no damage.
The kobold hits you but does no damage. The hobgoblin closely misses you.
The kobold closely misses you. The hobgoblin barely misses you.
The kobold misses you.
The hobgoblin hits you but does no damage.
The hobgoblin hits you with a +0 dagger.
The kobold hits you but does no damage. The hobgoblin closely misses you.
The kobold hits you but does no damage.
The hobgoblin hits you but does no damage.
The kobold completely misses you.
The hobgoblin hits you with a +0 dagger.
The kobold hits you with a +0 club.
* * * LOW HITPOINT WARNING * * *
Unknown command.
The hobgoblin closely misses you. The kobold barely misses you.
The hobgoblin barely misses you. The kobold hits you with a +0 club.
* * * LOW HITPOINT WARNING * * *
The hobgoblin hits you but does no damage.
The kobold hits you but does no damage. The hobgoblin misses you.
The kobold misses you.
The hobgoblin hits you but does no damage.
The kobold barely misses you.
The hobgoblin hits you but does no damage.
The kobold misses you. The hobgoblin barely misses you.
The hobgoblin hits you with a +0 dagger.
* * * LOW HITPOINT WARNING * * *
The kobold closely misses you.
The hobgoblin hits you but does no damage.
The kobold hits you with a +0 club.
* * * LOW HITPOINT WARNING * * *
The hobgoblin misses you. The kobold barely misses you.
Unknown command.
The hobgoblin barely misses you. The kobold hits you with a +0 club.
You die...

##### .....# ##
###.....# .# ##.......#
.##############.@K......
§...........†..g#.......
..#############...#####.
### ##.## ..# ..# ...
..#. ..#.#


You could see a hobgoblin and a kobold.

Vanquished Creatures
  A giant cockroach (D:1)
1 creature vanquished.

Notes
Turn   | Place    | Note
-------+----------+-------------------------------------------
     0 | D:1      | MrTaco21 the Demonspawn Gladiator began the quest for the
                  | Orb.
     0 | D:1      | Reached XP level 1. HP: 16/16 MP: 1/1
    52 | D:1      | Slain by a kobold

Illustrated notes

Levels and vault maps discovered:
D:1:      dpeg_arrival_fog, layout_loops_ring

Action                   || total
-------------------------++-------
Melee: Flail             ||     5
Armor: Leather armour    ||    12
Dodge: Dodged            ||    28

Table legend: (Time is in decaauts)
 A = Elapsed time spent in this place.
 B = Non-inter-level travel time spent in this place.
 C = Inter-level travel time spent in this place.
 D = Time resting spent in this place.
 E = Time spent auto-exploring this place.
 F = Levels seen in this place.
 G = Mean time per level.
                   A        B        C        D        E       F      G
               +--------+--------+--------+--------+--------+-----+--------+
         Total |     53 |     53 |      0 |      0 |      0 |   1 |   53.0 |
       Dungeon |     53 |     53 |      0 |      0 |      0 |   1 |   53.0 |
               +--------+--------+--------+--------+--------+-----+--------+

Top non-repeatable levels by time:
     D:1: 53 daAuts
